 Dungeon Crawl Stone Soup version 0.24.0-13-gcf9b3192b9 (webtiles) character file.

Game seed: 13923467414472626376, levelgen mode: deterministic

70 Monsterracer the Cutter (level 4, -2/28 HPs)
             Began as a Deep Elf Chaos Knight on Nov 5, 2019.
             Was a Plaything of Xom.
             Killed by divine providence
             ... invoked by an orc priest
              (17 damage)
             ... on level 3 of the Dungeon.
             The game lasted 00:01:18 (2227 turns).

Monsterracer the Cutter (Deep Elf Chaos Knight)     Turns: 2227, Time: 00:01:19

Health: -2/28      AC:  5    Str: 10    XL:     4   Next: 4%
Magic:  6/6        EV: 13    Int: 17    God:    Xom [..*...]
Gold:   89         SH:  0    Dex: 19    Spells: 3/3 levels left

rFire    . . .     SeeInvis .   a - +0 short sword (chaos)
rCold    . . .     Gourm    .   (no shield)
rNeg     . . .     Faith    .   b - +2 leather armour
rPois    .         Spirit   .   (no helmet)
rElec    .         Reflect  .   (no cloak)
rCorr    .         Harm     .   (no gloves)
MR       .....                  (no boots)
Stlth    +.........             (no amulet)
HPRegen  0.09/turn              f - +5 ring of dexterity
MPRegen  0.10/turn              (no ring)

@: no status effects
A: no striking features
a: Renounce Religion


You were on level 3 of the Dungeon.
You worshipped Xom.
You were a toy of Xom.
You were not hungry.

You visited 1 branch of the dungeon, and saw 3 of its levels.

You collected 89 gold pieces.

Inventory:

Hand Weapons
 a - a +0 short sword of chaos (weapon)
Armour
 b - a +2 leather armour (worn)
Jewellery
 f - a +5 ring of dexterity (left hand)
   (You found it on level 1 of the Dungeon)
Scrolls
 d - 4 scrolls of identify {unknown}
 g - 2 scrolls of remove curse {unknown}
 h - 2 scrolls of blinking {unknown}
 j - a scroll of teleportation {unknown}
 k - a scroll of amnesia {unknown}
Potions
 e - 2 potions of mutation {unknown}
 i - a potion of berserk rage {unknown}
 l - a potion of invisibility {unknown}
Comestibles
 c - 5 rations
 m - a chunk of flesh


   Skills:
 + Level 3.0 Fighting
 * Level 3.8 Short Blades
 - Level 1.3 Armour
 + Level 3.2 Dodging


You had 3 spell levels left.
You didn't know any spells.
Your spell library was empty.

Dungeon Overview and Level Annotations

Branches:
Dungeon (3/15)

Altars:
The Shining One


Message History

You puncture the goblin! Lightning courses through the goblin!
You kill the goblin!
No target in view!
Things that are here:
a +0 club; a goblin corpse You butcher the goblin corpse.
m - 2 chunks of flesh
Things that are here:
a +0 club; a goblin skeleton
Things that are here:
a +0 club; a goblin skeleton Eating one of 2 chunks of flesh.
You eat one of the 2 chunks of flesh.
This raw flesh tastes terrible.
d - 4 scrolls labeled GIETHOEWYRCH (gained 1)
Things that are here:
a +0 club; a goblin skeleton
Things that are here:
a +0 club; a goblin skeleton You see here 20 sling bullets.
Key pressed, stopping explore.
No target in view!
There is an open door here.
You see here a +0 spear.
There is a stone staircase leading down here.
You see here 16 arrows.
Done exploring.
Done exploring.
Done exploring.
(D) Dungeon
Where to? (Enter - D:2, ? - help)
There is a stone staircase leading down here.
You climb downwards.
There is a stone staircase leading up here.
A bat comes into view.
A bat is nearby!
The bat misses you.
A bat is nearby!
You barely miss the bat. The bat barely misses you.
A bat is nearby!
The bat hits you but does no damage. The bat closely misses you.
You hit the bat.
You kill the bat!
An orc comes into view.
The orc shouts!
An orc is nearby!
An orc is nearby!
You hit the orc. You freeze the orc.
You kill the orc!
Your Fighting skill increases to level 3!
You have reached level 4!
You feel clever.
Things that are here:
a +0 scale mail; an orc corpse
n - a +0 scale mail You drop a +0 scale mail.
You now have 89 gold pieces (gained 8).
A kobold comes into view.
The kobold shouts!
The kobold throws a stone.
The stone completely misses you.
You see here a stone.
A kobold is nearby!
The kobold misses you.
You hit the kobold. You freeze the kobold.
The kobold is severely wounded.
The kobold closely misses you.
A kobold is nearby!
You hit the kobold.
You kill the kobold!
Found a stone staircase leading down.
You see here a kobold corpse.
No target in view!
A centaur zombie comes into view.
An orc comes into view. It is wielding a +0 short sword.
The orc shouts!
You hear a shout! x3
An orc is nearby! 2 orcs and an orc priest come into view.
The orc priest shouts!
The orc shouts!
You hear a shout!
The orc throws a boomerang.
The boomerang closely misses you.
The weapon returns to the orc!
The orc moves out of view.
An orc comes into view.
It is wielding a +0 club. 2 orcs come into view.
The orc shouts! x2; You hear a shout! x3
The orc throws a boomerang.
The boomerang hits you but does no damage.
The weapon returns to the orc!
The centaur zombie hits you but does no damage.
The centaur zombie closely misses you.
The orc priest invokes the aid of Beogh against you.
Beogh smites you!
You see here a kobold corpse.
The centaur zombie barely misses you.
You see here a stone.
The centaur zombie barely misses you. "See what I see, my child!"
You feel aware of your surroundings.
The orc priest mumbles some strange prayers to Beogh against you.
Beogh smites you!
Ouch! That really hurt!
You die...
Xom titters!

.......##.###.#
......o...ooo.####
.....o####.##.†o.#
.....
#..#.##(########
.###
##.#.##o#......#
**...##.###.##.#
,,,,*,,...##.#
#.##.# *,...>##Z#
#..#.# ,
*.....##@####.#.#
,,#.....##........#
,......####....###
,,, ,,
#.############# , ,
* #.##..........# *
* *,,,, *
#[##.########.# * *
#.##.# #<# #.#
#.##.# #.# #.#
#.##.# #.# #.#


You could see an orc priest, an orc and a centaur zombie.

Vanquished Creatures
  2 adders (D:2)
  A dart slug (D:1)
  3 leopard geckos (D:2)
  An orc (D:3)
  2 giant cockroaches (D:1 D:2)
  6 goblins (D:1 D:2)
  7 hobgoblins (D:1 D:2)
  3 jackals (D:2)
  5 kobolds (D:1 D:2 D:3)
  A ball python (D:1)
  6 bats (D:1 D:2 D:3)
  A frilled lizard (D:2)
  3 rats (D:1 D:2)
41 creatures vanquished.

Notes
Turn   | Place    | Note
-------+----------+-------------------------------------------
     0 | D:1      | Monsterracer the Deep Elf Chaos Knight began the quest for
                  | the Orb.
     0 | D:1      | Reached XP level 1. HP: 13/13 MP: 3/3
    25 | D:1      | XOM: divination: detect creatures
   120 | D:1      | Reached skill level 1 in Armour
   241 | D:1      | Reached XP level 2. HP: 18/18 MP: 4/4
   791 | D:1      | XOM: smoke on damage
   877 | D:1      | XOM: silly message
  1129 | D:2      | Reached XP level 3. HP: 21/22 MP: 5/5
  1216 | D:2      | Found a glowing golden altar of the Shining One.
  1450 | D:2      | HP: 9/22 [hobgoblin (3)]
  1455 | D:2      | HP: 7/22 [poisoned by an adder]
  1463 | D:2      | HP: 6/22 [poisoned by an adder]
  1472 | D:2      | XOM: potion effect (curing)
  1473 | D:2      | XOM: harmless Tmut miscast
  1483 | D:2      | HP: 10/22 [leopard gecko (1)]
  1489 | D:2      | HP: 7/22 [kobold/+0 short sword (3)]
  2165 | D:3      | Reached XP level 4. HP: 28/28 MP: 6/6
  2226 | D:3      | XOM: divination: magic mapping
  2227 | D:3      | Killed from afar by an orc priest

Levels and vault maps discovered:
D:1:      nzn_arrival_crosshair, layout_loops_corners
D:2:      layout_basic, overflow_temple_1_default
D:3:      layout_basic, nicolae_overflow_hidden_temple,
          grunt_temple_overflow_open, gammafunk_ghost_necromancy, uniq_natasha

Skill      XL: |  1  2  3 |
---------------+----------+-----
Armour         | 1 |  1.3
Dodging        | 3 |  3.2
Fighting       | 3 |  3.0
Short Blades   | |  3.8

Action                   |  1- 3 |  4- 6 || total
-------------------------+-------+-------++-------
Melee: Short sword       |   116 |     2 ||   118
 Stab: Sleeping          |     4 |       ||     4
  Eat: Chunk             |     4 |       ||     4
Armor: Leather armour    |    33 |     2 ||    35
Dodge: Dodged            |    78 |     7 ||    85
